 Dungeon Crawl Stone Soup version 0.16-a0-4127-g24fbb24 (webtiles) character file.

3357 dysrexia the Cleaver (level 9, -1/88 HPs)
             Began as a Deep Dwarf Fighter on Mar 3, 2015.
             Was a Priest of Makhleb.
             Slain by a spiny frog (7 damage)
             ... on level 1 of the Lair of Beasts.
             The game lasted 00:32:10 (5397 turns).

dysrexia the Cleaver (Deep Dwarf Fighter)           Turns: 5397, Time: 00:32:10

Health: -1/88      AC: 12    Str: 23    XL:     9   Next: 73%
Magic:  6/6        EV:  6    Int:  9    God:    Makhleb [***...]
Gold:   741        SH:  0    Dex: 16    Spells: 0 memorised, 8 levels left

rFire  . . .     SeeInvis +     E - +1 broad axe (freeze)
rCold  . . .     Clarity  .     K - +0 plate armour (curse)
rNeg   . . .     SustAb   .     (no shield)
rPois  .         Gourm    .     (no helmet)
rElec  .         Spirit   .     (no cloak)
rCorr  +         Warding  .     (no gloves)
rMut   .         Stasis   .     G - +0 pair of boots
MR     +....                    a - amulet of resist corrosion
Stlth  ..........               w - ring of see invisible
                                v - +4 ring of dexterity

@: non-regenerating, somewhat resistant to hostile enchantments, extremely
unstealthy
A: damage resistance, recharge devices, sense surroundings 2, slow healing 3
a: Device Recharging, Minor Destruction, Lesser Servant of Makhleb, Renounce
Religion


You were on level 1 of the Lair of Beasts.
You worshipped Makhleb.
Makhleb was most pleased with you.
You were not hungry.

You visited 2 branches of the dungeon, and saw 9 of its levels.

You collected 741 gold pieces.

Inventory:

Hand weapons
 n - a +2 hand axe of chopping
 E - a +1 broad axe of freezing (weapon)
Missiles
 g - 12 stones
 i - 16 poisoned needles
 r - a throwing net (quivered)
Armour
 b - a +1 scale mail
 q - a +0 chain mail
 G - a +0 pair of boots (worn)
 K - a cursed +0 plate armour (worn)
Jewellery
 a - an amulet of resist corrosion (around neck)
 v - a +4 ring of dexterity (left hand)
 w - a ring of see invisible (right hand)
 x - an uncursed ring of magical power
 C - an uncursed ring of loudness
Magical devices
 d - a wand of heal wounds (4)
 B - a wand of draining (7)
 H - a wand of slowing (8)
 L - a wand of cold (8)
 M - a wand of digging (9)
Scrolls
 l - 6 scrolls of teleportation
 o - 2 scrolls of enchant armour
 y - a scroll of magic mapping
 z - a scroll of enchant weapon
 F - a scroll of fog
 N - a scroll of random uselessness {unknown}
 O - a scroll of remove curse
Potions
 e - 6 potions of might
 h - 4 potions of haste
 k - a potion of cancellation
 m - 3 potions of magic
 p - 3 potions of agility {unknown}
 s - 3 potions of curing
 u - a potion of beneficial mutation {unknown}
 A - 2 potions of heal wounds {unknown}
 D - 2 potions of mutation {unknown}
 I - a potion of brilliance {unknown}
Books
 Q - a Grand Grimoire {highlevel, unknown}

   This book is beyond your current level of understanding.

   Spells                             Type                      Level
   a - Aura of Abjuration             Summoning                    6
   b - Summon Greater Demon           Summoning                    7
   c - Malign Gateway                 Summoning/Translocation      7
   d - Summon Horrible Things         Summoning                    8
Comestibles
 c - a royal jelly
 f - 5 bread rations
 j - 5 meat rations
 t - a slice of pizza
 P - a chunk of flesh


   Skills:
 + Level 8.2 Fighting
 - Level 12.0 Axes
 - Level 3.2 Armour
   Level 3.2 Shields


You had 8 spell levels left.
You didn't know any spells.

Dungeon Overview and Level Annotations

Branches:
Dungeon (8/15)             Temple (0/1) D:5            Lair (1/8) D:8

Altars:
Ashenzari
Fedhas
Makhleb
Ru
Xom
Zin

Shops:
D:4 (

Annotations:
D:6 Prince Ribbit


Innate Abilities, Weirdness & Mutations

You are resistant to damage.
You can recharge devices by infusing magical energy.
You passively map the area around you.
You do not heal naturally.


Message History

The blink frog gives a loud, deep croak!
The spiny frog moves out of view.
A blink frog comes into view.
The blink frog gives a loud, deep croak!
The blink frog blinks! x2
The blink frog hits you!
* * * LOW HITPOINT WARNING * * *
The blink frog blinks!
The blink frog blinks!
The spiny frog stings you!
* * * LOW HITPOINT WARNING * * *
The blink frog hits you but does no damage.
Evoke which item? (* to show all) (? for menu, Esc to quit)
Okay, then.
Use which ability? (? or * to list) Charge which item? (? for menu, Esc to quit)
Your wand of heal wounds (0) glows for a moment and now has 4 charges.
The blink frog hits you!
* * * LOW HITPOINT WARNING * * *
The blink frog blinks!
The spiny frog stings you!
You die...

.......##..#*.....**..#
.......##..###*#..**..#
.......##..#.###.+##..#
##.##### .............#
.####. ,......F......##
...... .............P#
...... ,....§........##
...... .§......FF....##
###.# ........@.F....#
,.. **..............##
** * ,.............# *
,,....#.#.#.##.# *
...##..##.##.# * , .,
#........# , .
*#.....##.# ,, ...
#......#.#
#....##.....+..#


You could see a spiny frog and 3 blink frogs.

Vanquished Creatures
  An unseen horror (D:8)
  A spiny frog (Lair:1)
  Grinder (D:4)
  Eustachio (D:8)
  Edmund (D:7)
  Menkaure (D:6)
  A porcupine (Lair:1)
  An orc warrior (D:8)
  An ice beast (D:7)
  2 sky beasts
  3 centaurs
  3 giant frogs
  A brain worm (D:8)
  A big kobold (D:8)
  A killer bee (D:8)
  A scorpion (D:8)
  4 crimson imps
  2 hounds
  2 centaur skeletons
  2 iguanas
  An iron imp (D:8)
  6 worker ants
  An orc priest (D:8)
  Natasha (thrice) (D:5)
  3 orc wizards
  A killer bee zombie (D:5)
  Terence (D:3)
  A hound skeleton (D:8)
  A hound zombie (D:5)
  A mummy (D:8)
  A shadow imp (D:8)
  A giant mite (D:2)
  6 adders
  4 worms
  An adder zombie (D:7)
  An adder skeleton (D:7)
  An ooze (D:1)
  16 orcs
  13 bats
  A bat zombie (D:8)
  6 giant cockroaches
  11 goblins
  8 hobgoblins
  3 quokkas
  6 giant geckos
  8 giant newts
  21 kobolds
  A quokka skeleton (D:4)
  13 rats
172 creatures vanquished.

Notes
Turn   | Place    | Note
--------------------------------------------------------------
     0 | D:1      | dysrexia, the Deep Dwarf Fighter, began the quest for the Orb.
     0 | D:1      | Reached XP level 1. HP: 20/20 MP: 1/1
   188 | D:1      | Reached XP level 2. HP: 25/27 MP: 2/2
   562 | D:2      | Reached XP level 3. HP: 26/33 MP: 3/3
   698 | D:2      | Reached skill level 4 in Axes
   928 | D:2      | Reached XP level 4. HP: 26/40 MP: 4/4
  1083 | D:3      | Reached skill level 5 in Axes
  1139 | D:3      | Noticed Terence
  1153 | D:3      | Killed Terence
  1648 | D:4      | Found a blossoming altar of Fedhas.
  1700 | D:4      | Reached XP level 5. HP: 26/46 MP: 5/5
  1841 | D:4      | Found Coidiwku's Antique Weapon Shoppe.
  1869 | D:4      | Noticed Grinder
  1871 | D:4      | Paralysed by Grinder for 6 turns
  1885 | D:4      | Killed Grinder
  1885 | D:4      | Reached skill level 7 in Axes
  1885 | D:4      | Reached XP level 6. HP: 10/55 MP: 6/6
  2319 | D:5      | Entered Level 5 of the Dungeon
  2328 | D:5      | Found a burning altar of Makhleb.
  2346 | D:5      | Became a worshipper of Makhleb the Destroyer
  2396 | D:5      | Reached skill level 8 in Axes
  2460 | D:5      | Reached XP level 7. HP: 57/61 MP: 7/7
  2511 | D:5      | Found a staircase to the Ecumenical Temple.
  2578 | D:5      | Reached skill level 9 in Axes
  2595 | D:5      | Acquired Makhleb's first power
  2635 | D:5      | Noticed Natasha
  2644 | D:5      | Killed Natasha
  2652 | D:5      | Noticed Natasha
  2657 | D:5      | Killed Natasha
  2775 | D:5      | Noticed Natasha
  2781 | D:5      | Killed Natasha
  3021 | D:6      | Found a burning altar of Makhleb.
  3232 | D:6      | Noticed Menkaure
  3248 | D:6      | Killed Menkaure
  3248 | D:6      | Reached skill level 10 in Axes
  3248 | D:6      | Reached XP level 8. HP: 34/68 MP: 7/7
  3556 | D:6      | Acquired Makhleb's second power
  3751 | D:7      | Reached skill level 11 in Axes
  3756 | D:7      | Found a shattered altar of Ashenzari.
  3946 | D:7      | Noticed Prince Ribbit
  4080 | D:7      | Noticed Edmund
  4108 | D:7      | Killed Edmund
  4222 | D:7      | Reached skill level 12 in Axes
  4471 | D:8      | Noticed Eustachio
  4473 | D:8      | Acquired Makhleb's third power
  4516 | D:8      | Killed Eustachio
  4516 | D:8      | Gained mutation: You passively map the area around you. [level up]
  4516 | D:8      | Reached XP level 9. HP: 28/79 MP: 8/8
  4548 | D:8      | Reached skill level 5 in Fighting
  4614 | D:8      | Identified a scroll of acquirement
  4637 | D:8      | Found a staircase to the Lair.
  4647 | D:8      | HP: 4/81 [something (7)]
  4693 | D:8      | Noticed an unseen horror
  4700 | D:8      | Killed an unseen horror
  4796 | D:8      | Noticed an angel
  4797 | D:8      | Found a glowing silver altar of Zin.
  4797 | D:8      | Found a shimmering altar of Xom.
  4909 | D:8      | Found a sacrificial altar of Ru.
  4959 | Lair:1   | Entered Level 1 of the Lair of Beasts
  5352 | Lair:1   | Noticed a spiny frog
  5362 | Lair:1   | HP: 4/86 [spiny frog (12)]
  5366 | Lair:1   | Killed a spiny frog
  5390 | Lair:1   | Noticed a spiny frog
  5397 | Lair:1   | Slain by a spiny frog

Action                   |  1- 3 |  4- 6 |  7- 9 || total
-------------------------+-------+-------+-------++-------
Melee: War axe           |   127 |       |       ||   127
       Hand axe          |       |   172 |   326 ||   498
       Broad axe         |       |       |    64 ||    64
 Abil: Device Recharging |       |       |     3 ||     3
Evoke: Wand              |       |     4 |    10 ||    14
  Use: Scroll            |     4 |     5 |     8 ||    17
       Potion            |       |     1 |     2 ||     3
  Eat: Chunk             |       |     5 |    10 ||    15
